 Dungeon Crawl Stone Soup version 0.26-a0-800-g517d6fe721 (webtiles) character file.

Game seed: 1852593026988795138

271847 Decritt the Tortoise (level 20, -4/125 HPs)
             Began as a Gargoyle Fighter on Nov 10, 2020.
             Was the Champion of Ru.
             Killed from afar by a Hell Sentinel (31 damage)
             ... with damnation
             ... summoned by a deep elf demonologist
             ... on level 3 of the Elven Halls on Nov 11, 2020.
             The game lasted 04:02:08 (40107 turns).

Decritt the Tortoise (Gargoyle Fighter)            Turns: 40107, Time: 04:02:08

Health: -4/125     AC: 58    Str: 26      XL:     20   Next: 24%
Magic:  16/20      EV:  8    Int: 14 (17) God:    Ru [******]
Gold:   1520       SH: 33    Dex: 13      Spells: 19/19 levels left

rFire    + + +     SeeInvis +   n - +4 mace of Stickiness {vamp, *Drain rElec rN++}
rCold    . . .     Faith    .   I - +18 shield of the Gong {rElec rN+ MR+ EV-5}
rNeg     + + +     Spirit   .   B - +15 Maxwell's patent armour {-Cast -Tele rElec MR+ rCorr}
rPois    ∞         Reflect  .   R - +2 hat of Nyehelud {-Cast rF+++ Int+3}
rElec    +         Harm     .   E - scarf {repulsion}
rCorr    +         Rampage  .   j - +2 pair of gloves {Dex+3}
MR       +++++     NoTele   +   F - +2 pair of boots Stlth ..........NoCast +
                                H - amulet of regeneration
HPRegen  0.70/turn              v - ring of the Mage {Wiz MR++ Int+3}
MPRegen  0.17/turn              A - ring of see invisible

@: exhausted, repel missiles
A: big wings, frail 1, negative energy resistance 1, screaming 1, electricity
resistance, unbreathing, petrification resistance, rot immunity, no stealth,
inability to use devices, hated by all, disrupted magic 1, AC +15
}: 2/15 runes: decaying, serpentine
a: Fly, Draw Out Power, Power Leap, Apocalypse, Renounce Religion


You were on level 3 of the Elven Halls.
You worshipped Ru.
Ru was exalted by your worship.
You visited 7 branches of the dungeon, and saw 35 of its levels.
You also visited: Trove, Sewer, Ossuary, Ice Cave and Volcano.

You collected 5151 gold pieces.
You spent 3631 gold pieces at shops.

Inventory:

Hand Weapons
 n - the +4 mace of Stickiness (weapon) {vamp, *Drain rElec rN++}
   (You took it off a deep elf death mage on level 2 of the Elven Halls)

   It inflicts no extra harm, but heals its wielder when it wounds a living foe.
   It insulates you from electricity.
   It greatly protects you from negative energy.
   It causes draining when unequipped.
 u - the +0 demon whip "Huboek" {elec, rC+ rN+ Int-4}
   (You acquired it on level 15 of the Dungeon)

   Occasionally, upon striking a foe, it will discharge some electrical energy
   and cause terrible harm.
   It affects your intelligence (-4).
   It protects you from cold.
   It protects you from negative energy.
Armour
 j - a +2 pair of gloves of dexterity (worn)
 x - a +2 cloak of preservation
 B - the +15 Maxwell's patent armour (worn) {-Cast -Tele rElec MR+ rCorr}
   (You acquired it on level 2 of the Elven Halls)

   It insulates you from electricity.
   It affects your resistance to hostile enchantments.
   It prevents spellcasting.
   It prevents most forms of teleportation.
   It provides partial protection from all sources of acid and corrosion.
 E - a scarf of repulsion (worn)
 F - a +2 pair of boots (worn)
 I - the +18 shield of the Gong (worn) {rElec rN+ MR+ EV-5}
   (You bought it in a shop on level 4 of the Snake Pit)

   It affects your evasion (-5).
   It insulates you from electricity.
   It protects you from negative energy.
   It affects your resistance to hostile enchantments.
 P - +0 ice dragon scales
 R - the +2 hat of Nyehelud (worn) {-Cast rF+++ Int+3}
   (You found it in a treasure trove)

   It affects your intelligence (+3).
   It renders you almost immune to fire.
   It prevents spellcasting.
 T - a +3 plate armour of magic resistance
 U - a +0 tower shield of cold resistance
Jewellery
 o - a +6 ring of dexterity
 v - the ring of the Mage (left hand) {Wiz MR++ Int+3}
   (You bought it in a shop on level 2 of the Orcish Mines)

   [ring of wizardry]

   It improves your spell success rate.
   It affects your intelligence (+3).
   It affects your resistance to hostile enchantments.
 w - a +4 ring of protection
 A - a ring of see invisible (right hand)
 H - an amulet of regeneration (around neck)
 L - the ring "Kodimeaf" {*Corrode rN+ Dex+6 SInv}
   (You found it on level 3 of the Elven Halls)

   [ring of see invisible]

   It affects your dexterity (+6).
   It protects you from negative energy.
   It lets you see invisible.
   It may corrode you when you take damage.
Scrolls
 a - 2 scrolls of torment
 b - 22 scrolls of teleportation
 c - 2 scrolls of silence
 e - 7 scrolls of blinking
 k - 3 scrolls of fog
 m - 7 scrolls of fear
 p - 17 scrolls of remove curse
 q - 2 scrolls of noise
 r - 5 scrolls of identify
 s - 2 scrolls of holy word
 y - 7 scrolls of enchant weapon
 C - 5 scrolls of magic mapping
 D - 4 scrolls of immolation
 G - a scroll of enchant armour
 J - 4 scrolls of summoning
 O - a scroll of vulnerability
Potions
 d - 6 potions of might
 f - a potion of magic
 g - 4 potions of lignification
 h - 9 potions of heal wounds
 i - 5 potions of mutation
 l - 15 potions of curing
 t - 4 potions of haste
 z - 3 potions of cancellation
 K - 2 potions of ambrosia
 N - 2 potions of berserk rage


   Skills:
 * Level 19.0 Fighting
 * Level 16.9 Maces & Flails
 * Level 19.4 Armour
 + Level 9.3 Dodging
 * Level 15.8 Shields


You had 19 spell levels left.
You didn't know any spells.
Your spell library contained the following spells:

 Spells                   Type           Power        Failure   Level
 Corona                   Hex            #......      56%         1
 Foxfire                  Conj/Fire      #...         56%         1
 Magic Dart               Conj           #...         56%         1
 Sandblast                Erth           #.....       56%         1
 Shock                    Conj/Air       #...         56%         1
 Passwall                 Tmut/Erth      #.......     69%         2
 Poisonous Vapours        Pois/Air       #.....       69%         2
 Searing Ray              Conj           #.....       69%         2
 Slow                     Hex            #.......     69%         2
 Swiftness                Air            #.......     69%         2
 Conjure Flame            Conj/Fire      #.......     88%         3
 Dazzling Flash           Conj/Hex       #.....       88%         3
 Inner Flame              Hex/Fire       #.......     88%         3
 Mephitic Cloud           Conj/Pois/Air  #.......     88%         3
 Portal Projectile        Hex/Tloc       #.....       88%         3
 Static Discharge         Conj/Air       #.......     88%         3
 Stone Arrow              Conj/Erth      #.....       88%         3
 Airstrike                Air            #.........   99%         4
 Cause Fear               Hex            #.........   99%         4
 Fulminant Prism          Conj/Hex       #.........   99%         4
 Ice Form                 Ice/Tmut       #.......     99%         4
 Iskenderun's Mystic Bla  Conj/Tloc      #.......     99%         4
 Leda's Liquefaction      Hex/Erth       #.........   99%         4
 Petrify                  Tmut/Erth      #.......     99%         4
 Bolt of Magma            Conj/Fire/Erth #.........   100%        5
 Iskenderun's Battlesphe  Conj           #.......     100%        5
 Lee's Rapid Deconstruct  Erth           #.........   100%        5
 Lightning Bolt           Conj/Air       #.........   100%        5
 Metabolic Englaciation   Hex/Ice        #.........   100%        5
 Silence                  Hex/Air        #.........   100%        5
 Yara's Violent Unravell  Hex/Tmut       #.........   100%        5
 Freezing Cloud           Conj/Ice/Air   #.........   100%        6
 Iron Shot                Conj/Erth      #.........   100%        6
 Ozocubu's Refrigeration  Ice            #.........   100%        6
 Orb of Destruction       Conj           #.........   100%        7
 Discord                  Hex            #.........   100%        8
 Ignition                 Fire           #.........   100%        8
 Shatter                  Erth           #.........   100%        9
 Tornado                  Air            #.........   100%        9
 Simulacrum               Ice/Necr       Unusable     N/A         6
 Spellforged Servitor     Conj/Summ      Unusable     N/A         7

Dungeon Overview and Level Annotations

Branches:
Dungeon (15/15)            Temple (1/1) D:7            Lair (6/6) D:11
  Swamp (4/4) Lair:4        Snake (4/4) Lair:4        Slime (0/5) Lair:6
    Orc (2/2) D:12            Elf (3/3) Orc:2        Vaults (0/5) D:14
 Depths (0/5) D:15          Sewer (visited)         Ossuary (visited)
  IceCv (visited)         Volcano (visited)

Altars:
Ashenzari
Cheibriados
Dithmenos
Elyvilon
Fedhas
Gozag
Hepliaklqana
Kikubaaqudgha
Makhleb
Nemelex Xobeh
Qazlal
Ru
Sif Muna
Trog
Uskayaw
Vehumet
Wu Jian
Xom
Yredelemnul
Zin
Beogh
Jiyva

Shops:
D:8 :   D:9 *   D:15 **?   Orc:2 (=}([   Elf:2 [   Elf:3 ([([   Snake:1 [(*
Snake:4 [

Annotations:
D:8 exclusion: ice statue
D:13 exclusion: obsidian statue
D:14 2 transporters, Oqenymn's ghost, journeyman DrTm


Innate Abilities, Weirdness & Mutations

You are resistant to torment.
Your stone body is resilient. (AC +15)
You are immune to poison.
Your large and strong wings let you fly indefinitely.
You are frail. (-10% HP)
You resist negative energy. (rN+)
You occasionally shout uncontrollably at your foes.
You are resistant to electric shocks. (rElec)
You can survive without breathing.
You are immune to petrification.
You are immune to rotting.
You cannot be stealthy.
You cannot study or use magical devices.
You are hated by all.
Your casting is slightly disrupted.


Message History

The Hell Sentinel completely resists.
The bolt of cold hits you!
* * * LOW HITPOINT WARNING * * *
Press: ? - help, Dir - move target cursor The deep elf demonologist mumbles some strange words.
The Hell Sentinel gestures at you. You block the iron shot.
GONNNNG!
The Ice Fiend begins to attack, but is stunned by your will!
There is an open door here.
The Hell Sentinel gestures at you.
The sphere of damnation explodes!
The damnation engulfs you!!
* * * LOW HITPOINT WARNING * * *
You feel better.
The Hell Sentinel begins to attack, but is stunned by your will!
The Ice Fiend calls on the powers of darkness!
Your body is wracked with pain!
* * * LOW HITPOINT WARNING * * *
The Hell Sentinel gestures at you.
The sphere of damnation explodes!
The damnation engulfs you!!
You die...

#1# ##'## ##.1.##
##.....##
##.......######
#.............#
#........####.#
#........# ##.##
#...@....###...##
#..(....###.....##
#..(...###.......##
#.....###...)∩....###
#.....##...#...#...#.
#.....#.......(.....)
#.........∩..#..∩...)
##..)÷..............#
##...)#...#...#...##


You could see a Hell Sentinel (summoned).

Vanquished Creatures
  Mara (Snake:2)
  Rupert (D:13)
  2 deep elf blademasters
  A deep elf master archer (Elf:2)
  The ghost of magipi the Fighter, an adept MiMo of Gozag (Swamp:2)
  A fenstrider witch (Swamp:3)
  Kirke (D:15)
  7 nagarajas
  Aizul (Snake:1)
  9 deep elf sorcerers
  4 deep elf elementalists (Elf:3)
  An ironheart preserver (D:14)
  A spriggan defender (Swamp:2)
  3 deep elf demonologists (Elf:3)
  Nessos (D:12)
  7 bunyips
  Azrael (Elf:2)
  A deep elf annihilator (Elf:3)
  A red draconian (Volcano)
  3 eleionomae
  4 deep elf death magi
  A shambling mangrove (Swamp:1)
  A deep elf high priest (Elf:3)
  10 naga warriors
  A yaktaur captain (D:15)
  A rakshasa (D:14)
  13 hydras
  4 ice dragons
  3 centaur warriors
  3 boulder beetles
  A catoblepas (Lair:6)
  3 ghost crabs
  7 death yaks
  14 anacondas
  A two-headed ogre (shapeshifter) (Elf:3)
  8 alligators
  A death knight (D:15)
  2 two-headed ogres
  26 dancing weapons
  A deep troll shaman (Lair:6)
  4 shock serpents
  A spriggan berserker (Swamp:2)
  4 naga sharpshooters
  A tengu warrior (D:14)
  An orc high priest (Orc:2)
  15 deep elf knights
  4 goliath frogs
  14 spriggans
  Nergalle (D:10)
  4 skeletal warriors
  2 unseen horrors
  5 salamander mystics
  A wizard (D:15)
  5 swamp dragons
  11 deep elf archers
  2 spriggan druids (Swamp:1)
  7 naga ritualists
  An obsidian statue (Volcano)
  3 bog bodies
  Pikel (D:5)
  2 necromancers
  9 mana vipers
  9 ugly things
  7 orc sorcerers (Orc:2)
  65 deep elf magi
  3 oklob plants
  13 salamanders
  4 cyclopes
  2 moths of wrath (Swamp:2)
  A will-o-the-wisp (Swamp:2)
  A manticore (D:10)
  An ice statue (IceCv)
  A water nymph (shapeshifter) (D:13)
  16 naga magi
  A torpor snail (Lair:5)
  32 black mambas
  21 elephants
  13 cane toads
  5 guardian serpents
  A gargoyle (D:14)
  A yaktaur (D:15)
  A kobold demonologist (D:10)
  15 freezing wraiths
  8 komodo dragons
  5 rime drakes
  3 tengu conjurers (D:14)
  4 polar bears
  5 trolls
  3 tyrant leeches
  11 hornets
  A slime creature (D:14)
  5 blink frogs (Lair:1)
  4 air elementals
  A shadow (D:11)
  4 fire bats (Volcano)
  50 yaks
  3 wraiths
  Grum (D:10)
  3 humans (D:15)
  3 wyverns
  A hog (D:15)
  5 fire elementals
  2 basilisks
  4 swamp worm simulacra (Swamp:4)
  A steam dragon (D:14)
  7 vampire mosquitoes
  7 wargs (Orc:2)
  63 nagas
  A death yak simulacrum (IceCv)
  9 swamp worms
  2 acid dragons
  21 water moccasins
  14 hydra simulacra (Swamp:4)
  2 hell hounds (Elf:2)
  A soldier ant (D:14)
  A swamp drake (shapeshifter) (D:15)
  5 sky beasts
  A hornet zombie (D:9)
  2 phantoms
  6 ice beasts (IceCv)
  18 orc warriors
  5 swamp drakes
  A black bear (Lair:3)
  16 ogres
  10 wolves
  16 centaurs
  10 big kobolds
  14 bullfrogs
  3 gnoll sergeants
  5 earth elementals
  7 scorpions
  5 killer bees (D:10)
  20 wights
  7 howler monkeys
  3 electric eels
  10 lava snakes
  3 bullfrog zombies
  4 centaur zombies
  5 draconian simulacra (IceCv)
  A jelly (D:12)
  5 centaur skeletons
  A human zombie (Ossuary)
  5 hounds
  18 orc priests
  46 orc wizards
  A bullfrog skeleton (D:6)
  4 iguanas
  6 hell rats (Lair:6)
  3 polar bear simulacra
  2 troll simulacra (IceCv)
  10 worker ants
  2 spriggan simulacra (IceCv)
  2 wolf simulacra
  A killer bee zombie (D:5)
  2 centaur simulacra (IceCv)
  2 big kobold zombies (Ossuary)
  A hound skeleton (D:7)
  2 mummies (Ossuary)
  A worker ant zombie (D:8)
  11 gnolls
  4 ogre simulacra (IceCv)
  19 adders
  5 naga simulacra (IceCv)
  A river rat (Sewer)
  2 shadow imps (D:7)
  24 white imps
  2 ufetubi
  An ooze (D:2)
  4 swamp drake simulacra (Swamp:4)
  An adder zombie (D:6)
  3 worms
  5 dart slugs
  5 leopard geckos
  100 orcs
  6 ball pythons
  4 bats
  10 giant cockroaches
  3 gnoll zombies (Ossuary)
  13 goblins
  6 hobgoblins
  9 jackals
  21 kobolds
  4 quokkas
  2 frilled lizards
  4 goblin zombies (Ossuary)
  2 hobgoblin zombies (Ossuary)
  An orc zombie (Ossuary)
  11 rats
  A bush (Lair:2)
1294 creatures vanquished.

Vanquished Creatures (others)
  3 deep elf sorcerers (Elf:3)
  A deep elf annihilator (Elf:3)
  A deep elf death mage (Elf:3)
  4 hydras
  A boulder beetle (D:14)
  2 dancing weapons (Elf:2)
  An alligator (Swamp:1)
  A naga sharpshooter (Snake:2)
  4 deep elf knights
  A deep elf archer (Elf:1)
  4 salamanders
  5 deep elf magi
  2 black mambas
  A freezing wraith (IceCv)
  3 bloated husks
  3 tyrant leeches
  A hornet (Swamp:2)
  A spriggan (Swamp:4)
  A water elemental (Elf:1)
  A yak (D:14)
  2 nagas (Snake:4)
  3 swamp worms
  A water moccasin (Lair:1)
  2 hell hounds (Elf:2)
  3 centaurs
  A lava snake (Volcano)
  A hound (D:14)
  An orc wizard (Orc:2)
  An orc (Orc:2)
  A fire vortex (D:13)
  10 fungi
  96 plants
163 creatures vanquished.

Grand Total: 1457 creatures vanquished

Notes
Turn   | Place    | Note
-------+----------+-------------------------------------------
     0 | D:1      | Decritt the Gargoyle Fighter began the quest for the Orb.
     0 | D:1      | Reached XP level 1. HP: 14/14 MP: 1/1
   191 | D:1      | Reached XP level 2. HP: 18/19 MP: 2/2
   426 | D:1      | Reached XP level 3. HP: 10/23 MP: 3/3
  1248 | D:2      | Reached XP level 4. HP: 28/29 MP: 4/4
  1812 | D:3      | Reached XP level 5. HP: 33/33 MP: 5/5
  1912 | D:3      | Found a shimmering altar of Xom.
  1922 | D:3      | Found a glowing drain.
  1955 | Sewer    | Entered a sewer
  2041 | Sewer    | Noticed a big kobold
  2094 | Sewer    | Killed a big kobold
  2139 | Sewer    | Found a glowing silver altar of Zin.
  2439 | D:3      | Reached XP level 6. HP: 38/39 MP: 6/6
  2907 | D:4      | Found a radiant altar of Vehumet.
  3407 | D:4      | Reached XP level 7. HP: 44/44 MP: 7/7
  3600 | D:4      | Reached skill level 5 in Maces & Flails
  3627 | D:4      | Reached skill level 5 in Armour
  3742 | D:5      | Entered Level 5 of the Dungeon
  3748 | D:5      | Reached skill level 5 in Fighting
  3823 | D:5      | Reached skill level 5 in Shields
  3910 | D:5      | Noticed Pikel
  3939 | D:5      | Killed Pikel
  3939 | D:5      | Reached XP level 8. HP: 46/51 MP: 8/8
  4788 | D:6      | Found a glowing silver altar of Zin.
  5311 | D:6      | Reached XP level 9. HP: 56/56 MP: 9/9
  5521 | D:7      | Found a staircase to the Ecumenical Temple.
  5530 | Temple   | Entered the Ecumenical Temple
  5579 | Temple   | Became a worshipper of Ru the Awakened
  6047 | D:7      | Found a broken altar of Ashenzari.
  6050 | D:7      | Found an opulent altar of Gozag.
  6116 | D:7      | Found a bloodstained altar of Trog.
  6439 | D:7      | Found a hide-covered altar of Uskayaw.
  6544 | D:8      | Noticed a two-headed ogre
  6559 | D:8      | Killed a two-headed ogre
  6669 | D:8      | Found Edixep's Book Emporium.
  6815 | D:8      | Reached XP level 10. HP: 63/63 MP: 10/10
  6847 | D:8      | Noticed an ice statue
  6895 | D:8      | Gained mutation: You are hated by all. [Ru sacrifice]
  6895 | D:8      | Reached * piety under Ru
  6999 | D:8      | Found a hazy altar of Hepliaklqana.
  7081 | D:8      | Found a sand-covered staircase.
  7088 | Ossuary  | Entered an ossuary
  7734 | D:9      | Found Vulan's Assorted Antiques.
  7963 | D:9      | Gained mutation: You cannot be stealthy. [Ru sacrifice]
  7963 | D:9      | Reached ** piety under Ru
  8182 | D:9      | Reached skill level 10 in Maces & Flails
  8231 | D:10     | Entered Level 10 of the Dungeon
  8432 | D:10     | Noticed Grum
  8579 | D:10     | Killed Grum
  8896 | D:10     | Noticed Nergalle
  8902 | D:10     | Noticed a spectral orc warlord
  8924 | D:10     | Killed Nergalle
  9289 | D:11     | Reached XP level 11. HP: 53/69 MP: 11/11
  9457 | D:11     | Reached skill level 1 in Dodging
  9498 | D:11     | Noticed a four-headed hydra
  9508 | D:11     | Killed a four-headed hydra
  9509 | D:11     | Found a staircase to the Lair.
  9526 | D:11     | Noticed an oklob plant
  9531 | D:11     | Noticed an oklob plant
  9539 | D:11     | Noticed a manticore
  9542 | D:11     | Noticed a red ugly thing
  9929 | D:11     | Gained mutation: You cannot study or use magical devices.
                  | [Ru sacrifice]
  9929 | D:11     | Reached *** piety under Ru
  9929 | D:11     | Reached **** piety under Ru
 10012 | D:11     | Killed a red ugly thing
 10165 | D:10     | Killed a manticore
 10309 | D:11     | Noticed a cyclops
 10315 | D:11     | Killed a cyclops
 10572 | D:12     | Noticed Nessos
 10601 | D:12     | Killed Nessos
 10601 | D:12     | Reached skill level 5 in Dodging
 10628 | D:12     | Found a staircase to the Orcish Mines.
 10723 | D:12     | Reached XP level 12. HP: 76/76 MP: 12/12
 10873 | D:12     | Noticed an eight-headed hydra
 10885 | D:12     | Killed an eight-headed hydra
 12079 | D:13     | Identified a scroll of acquirement
 12079 | D:13     | Acquired 819 gold pieces
 12253 | D:13     | Reached skill level 10 in Fighting
 12253 | D:13     | Reached skill level 10 in Shields
 12282 | D:13     | Gained mutation: Your casting is slightly disrupted. [Ru
                  | sacrifice]
 12705 | D:13     | Noticed Rupert
 12787 | D:13     | Killed Rupert
 12787 | D:13     | Reached skill level 10 in Armour
 12969 | D:13     | Noticed a six-headed hydra
 12982 | D:13     | Killed a six-headed hydra
 13023 | D:13     | Identified the +3 quarterstaff "Caanois" {spect, Str+5
                  | Int+5}
 13023 | D:13     | Identified the amulet "Naqow" {RegenMP +Inv Int+3}
 13024 | D:13     | Identified the +3 quarterstaff "Caanois" {spect, Str+5
                  | Int+5}
 13324 | D:14     | Found a transporter.
 13333 | D:14     | Noticed Oqenymn's ghost (journeyman DrTm)
 13333 | D:14     | Noticed a deep elf annihilator
 13337 | D:14     | Noticed a centaur warrior
 13431 | D:14     | Noticed a centaur warrior
 13531 | D:14     | Found a transporter.
 13547 | D:14     | Found a portal to a secret trove of treasure.
 13672 | D:14     | Noticed a two-headed ogre
 13672 | D:14     | Noticed a centaur warrior
 13672 | D:14     | Noticed a boulder beetle
 13698 | D:14     | Killed a centaur warrior
 13713 | D:14     | Killed a two-headed ogre
 13774 | D:14     | Killed a boulder beetle
 13864 | D:14     | Noticed a tengu warrior
 13868 | D:14     | Reached XP level 13. HP: 83/83 MP: 13/13
 14257 | D:14     | You fall into a shaft and drop 1 floor!
 14257 | D:15     | Entered Level 15 of the Dungeon
 14599 | D:14     | Noticed a rakshasa
 14645 | D:14     | Killed a rakshasa
 14695 | D:14     | Noticed an ironheart preserver
 14729 | D:14     | Killed an ironheart preserver
 14811 | D:14     | Found a gate to the Vaults.
 15110 | D:15     | Noticed Kirke
 15116 | D:15     | Noticed a sphinx
 15137 | D:15     | Killed Kirke
 15556 | D:15     | Gained mutation: Your large and strong wings let you fly
                  | indefinitely. [Gargoyle growth]
 15556 | D:15     | Reached XP level 14. HP: 86/91 MP: 3/14
 15791 | D:15     | Found Wolil's Magic Scroll Boutique.
 15863 | D:15     | Bought 2 scrolls of identify for 76 gold pieces
 15863 | D:15     | Bought a scroll of acquirement for 988 gold pieces
 15867 | D:15     | Acquired the +0 demon whip "Huboek" {elec, rC+ rN+ Int-4}
 15935 | D:15     | Found Tiazot's Assorted Antiques.
 15949 | D:15     | Found Vuajulas's General Store.
 15992 | D:15     | Bought a +2 cloak of preservation for 408 gold pieces
 16029 | D:15     | Upgraded the game from 0.26-a0-784-g51bffae0b1 to
                  | 0.26-a0-800-g517d6fe721
 16093 | D:15     | Found an opulent altar of Gozag.
 16370 | D:15     | Found a staircase to the Depths.
 16777 | Lair:1   | Entered Level 1 of the Lair of Beasts
 18087 | Lair:2   | Found a blossoming altar of Fedhas.
 19612 | Lair:4   | Found a staircase to the Snake Pit.
 19765 | Lair:4   | Found a staircase to the Swamp.
 20067 | Lair:4   | Gained mutation: You occasionally shout uncontrollably at
                  | your foes. [Ru sacrifice]
 20067 | Lair:4   | Reached ***** piety under Ru
 20493 | Lair:5   | Reached XP level 15. HP: 93/98 MP: 15/15
 21096 | Lair:6   | Entered Level 6 of the Lair of Beasts
 21423 | Lair:6   | Found a viscous altar of Jiyva.
 21423 | Lair:6   | Found a staircase to the Slime Pits.
 22123 | Lair:6   | Found the +2 cloak of the Thief {*Fog Slay-2 SInv Stlth+}
 22408 | Snake:1  | Entered Level 1 of the Snake Pit
 22474 | Snake:1  | Noticed Aizul
 22615 | Snake:1  | Killed Aizul
 22803 | Snake:1  | Identified the +1 robe of Sin {Str+3} (You found it on
                  | level 1 of the Snake Pit)
 22845 | Snake:1  | Found Biam's Armour Shop.
 22864 | Snake:1  | Reached skill level 15 in Armour
 22899 | Snake:1  | Found Ekant's Weapon Boutique.
 22901 | Snake:1  | Found Jatyoh's General Store.
 22908 | Snake:1  | Reached XP level 16. HP: 107/107 MP: 16/16
 25163 | Snake:3  | Noticed a nagaraja
 25191 | Snake:3  | Killed a nagaraja
 25191 | Snake:3  | Reached skill level 15 in Fighting
 25191 | Snake:3  | Reached skill level 15 in Shields
 25609 | Snake:3  | Noticed Mara
 25661 | Snake:3  | Noticed Decritt's illusion
 25795 | Snake:2  | Noticed Decritt's illusion
 25831 | Snake:2  | Killed Mara
 26070 | Snake:3  | Reached XP level 17. HP: 104/113 MP: 17/17
 26212 | Snake:3  | Gained mutation: You are frail. (-10% HP) [Ru sacrifice]
 26212 | Snake:3  | Reached ****** piety under Ru
 26290 | Snake:4  | Entered Level 4 of the Snake Pit
 26542 | Snake:4  | Found Wenot's Armour Boutique.
 26583 | Snake:4  | Bought the +18 shield of the Gong {rElec rN+ MR+ EV-5} for
                  | 1070 gold pieces
 26583 | Snake:4  | Found the +18 shield of the Gong {rElec rN+ MR+ EV-5}
 26920 | Snake:4  | Found a bloodstained altar of Trog.
 27362 | Snake:4  | Reached skill level 15 in Maces & Flails
 27480 | Snake:4  | Got a serpentine rune of Zot
 27787 | Swamp:1  | Entered Level 1 of the Swamp
 28236 | Swamp:2  | Found a transporter.
 28239 | Swamp:2  | Found a transporter.
 28242 | Swamp:2  | Identified the +0 demon trident "Zexoeptu" {vorpal, +Inv
                  | Str+6}
 28242 | Swamp:2  | Noticed magipi's ghost (adept MiMo)
 28244 | Swamp:2  | Found a bloodstained altar of Trog.
 28244 | Swamp:2  | Identified the +5 war axe of Wyrd {flame, *Rage rElec Int+2
                  | Stlth+}
 28246 | Swamp:2  | Identified the +2 rapier "Pibukai" {vorpal, rElec rF+}
 28339 | Swamp:2  | Killed magipi's ghost
 28902 | Swamp:1  | Reached XP level 18. HP: 55/109 MP: 18/18
 30273 | Swamp:4  | Entered Level 4 of the Swamp
 30723 | Swamp:4  | Got a decaying rune of Zot
 31418 | Orc:1    | Entered Level 1 of the Orcish Mines
 31435 | Orc:1    | Found a frozen archway.
 31538 | IceCv    | Entered an ice cave
 31768 | IceCv    | Found an ancient bone altar of Kikubaaqudgha.
 32578 | Orc:2    | Entered Level 2 of the Orcish Mines
 32843 | Orc:2    | Found a roughly hewn altar of Beogh.
 32872 | Orc:2    | Found Karitol's Weapon Boutique.
 32872 | Orc:2    | Found Renkyf's Gadget Shoppe.
 32965 | Orc:2    | Found a dark tunnel.
 32973 | Volcano  | Entered a volcano
 33103 | Volcano  | Found a burning altar of Makhleb.
 33277 | Orc:2    | Found Ygaw's Armour Boutique.
 33345 | Orc:2    | Found a staircase to the Elven Halls.
 33464 | Orc:2    | Found Lakk's Jewellery Boutique.
 33464 | Orc:2    | Found Roaps's Antique Weapon Shoppe.
 33469 | Orc:2    | Bought the ring of the Mage {Wiz MR++ Int+3} for 672 gold
                  | pieces
 33469 | Orc:2    | Found the ring of the Mage {Wiz MR++ Int+3}
 33481 | Orc:2    | Bought an iridescent mace for 200 gold pieces
 33501 | Orc:2    | Identified the cursed +3 mace of the Mind {vorpal, rF+}
                  | (You bought it in a shop on level 2 of the Orcish Mines)
 33677 | Orc:2    | Found a roughly hewn altar of Beogh.
 33921 | Elf:1    | Entered Level 1 of the Elven Halls
 34719 | D:14     | You paid a toll of 3 potions of resistance to enter a
                  | treasure trove
 34720 | Trove    | Entered a treasure trove
 34737 | Trove    | Got a twisted ring mail
 34747 | Trove    | Identified the +3 ring mail of Mezcal {rN+ Str+4 Stlth+}
                  | (You found it in a treasure trove)
 34767 | Trove    | Got a glimmering hat
 34777 | Trove    | Identified the +2 hat of Nyehelud {-Cast rF+++ Int+3} (You
                  | found it in a treasure trove)
 34792 | Trove    | Got a shimmering kite shield
 34802 | Trove    | Identified the +5 kite shield of Light {+Fly} (You found it
                  | in a treasure trove)
 34803 | Trove    | Got a masterwork kite shield
 34813 | Trove    | Identified the +1 kite shield of Starshine {MR+} (You found
                  | it in a treasure trove)
 34865 | Trove    | Got a masterwork ring mail
 34870 | Trove    | Identified the +2 ring mail "Nustrello" {MR+ Dex+4} (You
                  | found it in a treasure trove)
 34895 | Trove    | Got a twisted plate armour
 34905 | Trove    | Identified the +3 plate armour of the Worm {*Corrode rF++
                  | rC+ SInv} (You found it in a treasure trove)
 35150 | Elf:1    | Reached XP level 19. HP: 117/117 MP: 19/19
 35923 | Elf:1    | Identified Sarosate's Papyrus of Attacks
 36064 | Elf:2    | Noticed Azrael
 36111 | Elf:2    | Killed Azrael
 36325 | Elf:2    | Found Mumpo's Armour Boutique.
 36377 | Elf:2    | Found a runed translucent gate.
 36378 | Elf:2    | Found a runed translucent gate.
 36379 | Elf:2    | Found a runed translucent gate.
 36469 | Elf:2    | Acquired the +15 Maxwell's patent armour {-Cast -Tele rElec
                  | MR+ rCorr}
 36470 | Elf:2    | Found the +15 Maxwell's patent armour {-Cast -Tele rElec
                  | MR+ rCorr}
 37521 | Elf:3    | Entered Level 3 of the Elven Halls
 38815 | Elf:3    | Found Cobriahuw's Armour Boutique.
 38829 | Elf:3    | Found Jaesoes's Antique Armour Shop.
 38829 | Elf:3    | Found Biocwuab's Weapon Boutique.
 39089 | Elf:3    | Found Dunaikk's Weapon Shop.
 39100 | Elf:3    | Bought a pair of runed boots for 217 gold pieces
 39254 | Elf:3    | Identified the ring "Kodimeaf" {*Corrode rN+ Dex+6 SInv}
 39254 | Elf:3    | Identified the +4 mace of Stickiness {vamp, *Drain rElec
                  | rN++}
 39255 | Elf:3    | Identified the cursed +1 halberd of Twilight {holy, *Noise
                  | rElec rF+}
 39277 | Elf:3    | Reached XP level 20. HP: 107/123 MP: 20/20
 40107 | Elf:3    | Killed from afar by a Hell Sentinel

Illustrated notes

Levels and vault maps discovered:
D:1:      minmay_arrival_three_doors, layout_basic, minivault_23
D:2:      layout_rooms
D:3:      layout_rooms, xom_butterflies, gup_sewer_entry_glass,
          minmay_misc_feat_plants, minmay_quadrilaterals
D:4:      layout_cave_pods, grunt_ministairs_10, vehumet_altar_wand_db
D:5:      layout_basic, uniq_pikel
D:6:      layout_cave_pods, zin_treasury
D:7:      layout_loops_ring, lemuel_round_altar, nicolae_overflow_hidden_temple,
          minmay_temple_entry_sparse_star, kennysheep_decorative_pillar,
          minmay_chambers_of_fives
D:8:      lemuel_ice_statue, layout_cave_pools, lemuel_doored_altar,
          chequers_ossuary_entry_cave, serial_shops, shop
D:9:      layout_long_grid, serial_shops, kennysheep_mini_moat
D:10:     layout_loops_corners, uniq_grum, uniq_nergalle
D:11:     layout_roguey, dpeg_oklobed_lair, serial_bayou_lagoon_a
D:12:     layout_roguey, kennysheep_orc_monster_closet_entryway,
          grunt_decor_junction, uniq_nessos
D:13:     layout_basic, minmay_protected_statue, uniq_rupert
D:14:     layout_basic, skrybe_vaults_entry_preservation, gammafunk_ghost_arena,
          nicolae_trove_entry_crossroad
D:15:     grunt_enter_depths_snipers, layout_basic, serial_shops,
          nicolae_shop_crystal, nicolae_shop_trees, shop, old_standard_altar,
          uniq_kirke
Temple:   dshaligram_water_room_temple
Lair:1:   layout_cellular_growth, chequers_serial_rivers_micro_a,
          beast_lair_carwin_3, serial_bayou_shore_a
Lair:2:   lemuel_slime, layout_cave_shapes, tgw_fedhas,
          infiniplex_staircase_pool_2, lemuel_fruit_fields
Lair:3:   layout_small_grid
Lair:4:   layout_roguey, skrybe_swamp_entry_bodies,
          minmay_snake_entry_guardpost_medium, minivault_26,
          guppyfry_lair_drakes
Lair:5:   layout_big_grid, eino_house_with_fridge, grunt_megastairs_1,
          infiniplex_staircase_pool
Lair:6:   grunt_lair_end_beastmaster, layout_regular_city, slime_altar_1,
          grunt_megastairs_5
Swamp:1:  layout_falls_marsh, evilmike_swamp_ruin_house_6
Swamp:2:  layout_basic_swamp, gammafunk_ghost_wrathful_warriors,
          evilmike_swamp_ruin_house_5, swamp_pool2
Swamp:3:  layout_basic_swamp, evilmike_swamp_ruin_house_1, swamp_pool5
Swamp:4:  swamp_icy, layout_basic_swamp
Snake:1:  minmay_snake_river, layout_rooms, minmay_shop_star, uniq_aizul
Snake:2:  layout_chambers
Snake:3:  layout_rooms, uniq_mara
Snake:4:  minmay_snake_end_coiled, layout_rooms, basic_altar, serial_shops,
          nicolae_shop_temple_entry_statues_fountains
Orc:1:    layout_caves, portal_ice_cave_entry_imps
Orc:2:    st_orc_town, layout_caves, serial_shops, shop,
          nicolae_volcano_entry_lava_flow, minmay_orc_temple_c
Elf:1:    eino_elf_arrival_sip, layout_gridlike, minmay_elf_sorcery,
          minivault_19, drop_trap
Elf:2:    layout_rooms, serial_shops, shop, uniq_azrael
Elf:3:    minmay_elf_hall_dome, layout_gridlike, roderic_lattice_octagonal_star,
          minmay_shoptagon

Skill      XL: |  1  2  3  4  5  6  7  8  9 10 11 12 13 14 15 16 17 18 19 20 |
---------------+-------------------------------------------------------------+-----
Maces & Flails | 3 4 6 7 9 10 11 12 13 14 15 16 | 16.9
Fighting       | 4 5 6 7 8 9 10 11 13 14 15 16 17 18 19 | 19.0
Armour         | 4 5 6 7 8 9 10 12 13 15 16 17 18 19 | 19.4
Shields        | 4 5 6 7 8 9 10 11 13 14 15 | 15.8
Dodging        | 5 6 7 8 9 |  9.3

Action                   |  1- 3 |  4- 6 |  7- 9 | 10-12 | 13-15 | 16-18 | 19-21 || total
-------------------------+-------+-------+-------+-------+-------+-------+-------++-------
Melee: Mace              |   142 |    81 |       |       |   442 |    44 |   238 ||   947
       Flail             |     4 |   248 |   325 |  1157 |   167 |       |       ||  1901
       Whip              |       |       |     1 |       |       |       |       ||     1
       Demon whip        |       |       |       |       |  1059 |  2640 |   871 ||  4570
Throw: Javelin           |       |    18 |    51 |    12 |       |       |       ||    81
Invok: Sacrifice Stealth |       |       |       |     1 |       |       |       ||     1
       Sacrifice Love    |       |       |       |     1 |       |       |       ||     1
       Sacrifice Artific |       |       |       |     1 |       |       |       ||     1
       Power Leap        |       |       |       |     2 |       |     4 |     5 ||    11
       Sacrifice Essence |       |       |       |     1 |       |       |       ||     1
       Reject Sacrifices |       |       |       |       |     2 |       |       ||     2
       Sacrifice Purity  |       |       |       |       |     1 |       |       ||     1
       Apocalypse        |       |       |       |       |     2 |       |     1 ||     3
       Draw Out Power    |       |       |       |       |       |     1 |       ||     1
       Sacrifice Health  |       |       |       |       |       |     1 |       ||     1
 Abil: Stop Flying       |       |       |       |       |       |     3 |       ||     3
       Fly               |       |       |       |       |       |     2 |       ||     2
  Use: Scroll            |       |     5 |     6 |    11 |    10 |    12 |     5 ||    49
       Potion            |       |     2 |     1 |     5 |     1 |     6 |     2 ||    17
 Stab: Distracted        |       |       |       |     2 |     6 |     6 |     5 ||    19
       Invisible         |       |       |       |     4 |    10 |     6 |     6 ||    26
       Paralysed         |       |       |       |       |     9 |     9 |       ||    18
       Confused          |       |       |       |       |       |     2 |       ||     2
Armor: Scale mail        |    82 |       |       |    53 |    21 |       |       ||   156
       Plate armour      |    52 |   223 |   193 |   464 |   542 |   614 |   242 ||  2330
       Ice dragon scales |       |       |       |       |       |    27 |       ||    27
Dodge: Dodged            |    60 |    24 |    23 |   148 |   198 |   196 |    58 ||   707
       Repelled          |       |       |       |       |       |       |     5 ||     5
Block: Kite shield       |    94 |   114 |       |       |       |  1736 |   904 ||  2848
       Tower shield      |       |   102 |   297 |  1011 |  1218 |   604 |       ||  3232

Table legend: (Time is in decaauts)
 A = Elapsed time spent in this place.
 B = Non-inter-level travel time spent in this place.
 C = Inter-level travel time spent in this place.
 D = Time resting spent in this place.
 E = Time spent auto-exploring this place.
 F = Levels seen in this place.
 G = Mean time per level.
                   A        B        C        D        E       F      G
               +--------+--------+--------+--------+--------+-----+--------+
         Total |  38403 |  36924 |   1479 |   4915 |  20011 |  40 |  960.1 |
       Dungeon |  16638 |  16037 |    601 |   2028 |   8602 |  15 | 1109.2 |
        Temple |     58 |     50 |      8 |      0 |     41 |   1 |   58.0 |
          Lair |   5615 |   5234 |    381 |    128 |   4161 |   6 |  935.8 |
         Swamp |   3246 |   3131 |    115 |    634 |   1637 |   4 |  811.5 |
     Snake Pit |   4730 |   4546 |    184 |    383 |   2448 |   4 | 1182.5 |
  Orcish Mines |   1930 |   1818 |    112 |    282 |    995 |   2 |  965.0 |
   Elven Halls |   4714 |   4638 |     76 |   1459 |   1731 |   3 | 1571.3 |
         Trove |    305 |    305 |      0 |      0 |      0 |   1 |  305.0 |
         Sewer |    294 |    294 |      0 |      0 |    149 |   1 |  294.0 |
       Ossuary |    182 |    182 |      0 |      0 |     82 |   1 |  182.0 |
      Ice Cave |    439 |    439 |      0 |      0 |    123 |   1 |  439.0 |
       Volcano |    247 |    247 |      0 |      0 |     39 |   1 |  247.0 |
               +--------+--------+--------+--------+--------+-----+--------+

Top non-repeatable levels by time:
   Elf:2: 2146 daAuts
    D:13: 2029 daAuts
    D:14: 1923 daAuts
 Snake:2: 1552 daAuts
   Elf:1: 1362 daAuts
    D:15: 1352 daAuts
   Orc:2: 1299 daAuts
    D:11: 1240 daAuts
     D:1: 1223 daAuts
   Elf:3: 1206 daAuts
     D:4: 1196 daAuts
 Snake:1: 1154 daAuts
 Snake:4: 1131 daAuts
  Lair:6: 1096 daAuts
    D:10: 1072 daAuts
